Map: 莱瑞拉克之冠

Players

shengy - Winner!

  • Race: Zerg Zerg
  • League: Gold

SoundsofRain

  • Race: Zerg Zerg
  • League: Gold

VOD

Have the link to the VOD?

Description

Time

  • Played on: Nov. 25, 2015, 10:13 p.m.
  • Length: 5:25
Show
View Real Time Build Order
Export as new Build Order

shengy Zerg - Winner!

Build Orders: Pool First, Zergling Baneling 

Get SALT Encoding   

  12  0:01  Drone  
  13  0:08  Drone  
  14  0:17  Overlord  
  14  0:37  Drone x2  
  14  0:38  Drone  
  17  0:45  Spawning Pool  
  17  0:48  Drone  
  17  1:11  Hatchery  
  17  1:15  Drone  
  17  1:17  Extractor  
  16  1:19  Drone  
  16  1:23  Drone  
  18  1:32  Drone  
  19  1:39  Queen  
  21  1:42  Overlord  
  21  1:52  Drone  
  21  2:16  Queen  
  21  2:20  Zergling x4  
  25  2:24  Metabolic Boost  
  25  2:26  Drone x2  
  27  2:34  Drone  
  28  2:37  Overlord  
  28  3:02  Drone x3  
  28  3:03  Drone x2  
  33  3:26  Overlord  
  33  3:27  Zergling x12  
  33  3:28  Zergling x6  
  33  3:32  Baneling Nest  
  41  3:46  Zergling x4  
  41  3:47  Zergling x4  
  45  4:06  Overlord  
  45  4:07  Drone x3  
  45  4:08  Drone x3  
  45  4:09  Drone  
  52  4:10  Lair  
  52  4:11  Extractor  
  51  4:21  Overlord  
  51  4:30  Overlord x2  
  51  4:31  Baneling x2  
  51  4:32  Baneling x6  
  51  4:39  Extractor, Drone x3  
  51  4:40  Drone x2  
  51  4:41  Drone  
  51  4:42  Drone  
Show
View Real Time Build Order
Export as new Build Order

SoundsofRain Zerg 

Build Orders: Pool First 

Get SALT Encoding   

  12  0:01  Drone  
  13  0:12  Overlord  
  13  0:17  Drone  
  14  0:30  Drone  
  14  0:31  Drone  
  16  0:36  Drone  
  17  0:45  Drone  
  18  0:51  Spawning Pool  
  18  0:56  Drone  
  18  1:02  Extractor  
  17  1:07  Drone  
  18  1:18  Hatchery  
  17  1:28  Drone  
  17  1:29  Drone  
  19  1:37  Queen  
  21  1:43  Overlord  
  21  1:51  Zergling x2  
  22  2:05  Zergling x2  
  23  2:13  Queen  
  23  2:14  Drone  
  26  2:29  Drone  
  27  2:32  Queen  
  27  2:33  Drone  
  30  2:40  Drone  
  31  2:57  Zergling x8  
  35  3:23  Metabolic Boost  
  35  3:37  Drone  
  35  3:39  Overlord x2  
  35  3:40  Overlord  
  36  3:54  Extractor  
  36  3:55  Drone  
  36  3:59  Drone x2  
  38  4:08  Drone x5  
  38  4:09  Drone x3  
  46  4:37  Baneling Nest  
  45  4:41  Drone x2  
  45  4:42  Drone x2  
  45  4:44  Zergling x8  
  53  4:55  Zergling x8  
Tags
 
Add a new tag
Caveats
  • Supply blocks, unpowered buildings, or Contaminate may cause inaccurate times.
  • Supply counts are checked every 10 seconds.